 Dungeon Crawl Stone Soup version 0.28.0 (webtiles) character file.

Game seed: 14258464973278382617

1569 Crownlay the Cleaver (level 8, -5/69 (73) HPs)
             Began as a Hill Orc Fighter on Feb 12, 2022.
             Was an Initiate of Qazlal.
             Slain by a gnoll (10 damage)
             ... in a bailey.
             The game lasted 00:07:30 (7508 turns).

Crownlay the Cleaver (Hill Orc Fighter)             Turns: 7508, Time: 00:07:31

HP:   -5/69 (73)    AC: 11    Str: 21    XL:     8   Next: 90%
MP:   8/8           EV:  9    Int:  8    God:    Qazlal [......]
Gold: 259           SH:  5    Dex: 10    Spells: 7/7 levels left

rFire   . . .      SeeInvis +   a - +1 war axe
rCold   . . .      Faith    .   c - +0 buckler
rNeg    . . .      Spirit   .   b - +0 scale mail
rPois   .          Reflect  .   s - +0 helmet
rElec   .          Harm     .   f - +1 cloak
rCorr   .          Rampage  .   q - +0 pair of gloves
Will    .....                   (no boots)
Stlth   ..........              (no amulet)
HPRegen 0.21/turn               t - ring of see invisible
MPRegen 0.11/turn               (no ring)

@: drained
A: no striking features
a: Renounce Religion


You were in a bailey.
You worshipped Qazlal.
Qazlal was noncommittal.
You visited 2 branches of the dungeon, and saw 8 of its levels.
You also visited: Bailey.

You collected 259 gold pieces.

Inventory:

Hand Weapons
 a - a +1 war axe (weapon)
 d - a +0 spear
 y - a +2 halberd of electrocution
Missiles
 h - 5 javelins (quivered)
Armour
 b - a +0 scale mail (worn)
 c - a +0 buckler (worn)
 f - a +1 cloak (worn)
 q - a +0 pair of gloves (worn)
 s - a +0 helmet (worn)
Jewellery
 k - a ring of fire
 t - a ring of see invisible (left hand)
 x - a ring of fire
Wands
 p - a wand of iceblast (12)
Scrolls
 g - a scroll of enchant armour
 j - a scroll of enchant weapon
 n - a scroll of teleportation
 o - a scroll of amnesia {unknown}
 u - a scroll of identify {unknown}
 w - a scroll of vulnerability {unknown}
Potions
 e - 4 potions of curing
 i - 2 potions of magic {unknown}
 l - a potion of resistance {unknown}
 m - 3 potions of heal wounds {unknown}
 r - 4 potions of attraction {unknown}
 v - a potion of ambrosia {unknown}
 z - 3 potions of invisibility {unknown}
 A - a potion of mutation {unknown}


   Skills:
 * Level 7.6 Fighting
 + Level 8.2 Axes
 - Level 3.2 Armour
 + Level 7.2 Shields
 + Level 0.7 Invocations
 - Level 3.5 Evocations


You had 7 spell levels left.
You didn't know any spells.
Your spell library contained the following spells:

 Spells                   Type           Power      Damage    Failure   Level
 Apportation              Tloc           0%         N/A       83%         1
 Inner Flame              Hex/Fire       0%         N/A       99%         3
 Cause Fear               Hex            0%         N/A       100%        4
 Alistair's Intoxication  Tmut/Pois      0%         N/A       100%        5
 Discord                  Hex            0%         N/A       100%        8


Dungeon Overview and Level Annotations

Branches:
Dungeon (7/15)             Temple (1/1) D:4          Bailey (1/1)

Altars:
Ashenzari
Cheibriados
Elyvilon
Fedhas
Gozag
Kikubaaqudgha
Makhleb
Qazlal
Ru
Sif Muna
Uskayaw
Zin

Shops:
D:3 *


Message History

The gnoll shouts!
You hear a shout! x4
The gnoll closely misses you.
You hear a shout!
An orc knight and 3 gnolls come into view.
A gnoll is wielding a +2 halberd of electrocution.
A gnoll is wielding a +1 halberd of draining.
A gnoll is wielding a +1 halberd of electrocution.
Found 3 potions of might, a white potion and a lumpy blue potion.
The gnoll shouts!
The orc knight shouts!
The gnoll shouts!
The gnoll hits you but does no damage.
You are electrocuted!
An orc comes into view. It is wielding a +0 spear.
The gnoll moves out of view. x2
There is an open door here.
You slash the gnoll!
The gnoll is severely wounded.
The gnoll hits you with a +1 halberd of electrocution!
You are electrocuted!!
You are too injured to fight recklessly!
You are too injured to fight recklessly!
You are too injured to fight recklessly!
You are too injured to fight recklessly!
You are too injured to fight recklessly!
You are too injured to fight recklessly!
You are too injured to fight recklessly!
You are too injured to fight recklessly!
You are too injured to fight recklessly!
You are too injured to fight recklessly!
You are too injured to fight recklessly!
You are too injured to fight recklessly!
You are too injured to fight recklessly!
You are too injured to fight recklessly!
You closely miss the gnoll.
The gnoll is severely wounded.
You block the gnoll's attack.
The orc knight hits you from afar with a +0 halberd!!
* * * LOW HITPOINT WARNING * * *
The orc knight roars a battlecry!
The orc goes into a battle-frenzy!
The gnoll hits you with a +1 halberd of electrocution!
* * * LOW HITPOINT WARNING * * *
You are electrocuted!
You die...

##### ### ###
#g@.###.###.#
#o###'##'##'##
og ##.....##
!.!
###..)..###
!.⌠
#.'..⌠..).# ..
###..)..### !
#.....## +#
#'##'##'##
#g#.# #.###.#


You could see an orc knight, 2 gnolls and an orc (strong).

Vanquished Creatures
  A water moccasin (D:5)
  Pargi (D:4)
  2 sky beasts (D:5)
  2 ogres (D:5)
  A necrophage (D:4)
  A bullfrog (D:6)
  3 scorpions
  A howler monkey (D:6)
  4 orc priests
  3 hounds
  2 gnoll shamans
  2 iguanas (D:6)
  2 orc wizards (D:5)
  11 gnolls
  5 adders (D:2)
  A shadow imp (D:5)
  A white imp (D:5)
  An ufetubus (D:6)
  4 dart slugs
  26 orcs
  6 endoplasms
  A giant cockroach (D:4)
  5 goblins
  9 hobgoblins
  12 jackals
  5 quokkas
  6 ball pythons
  5 bats
  6 kobolds
  A rat (D:2)
130 creatures vanquished.

Vanquished Creatures (others)
  2 fungi (D:3)
  3 plants (D:3)
5 creatures vanquished.

Grand Total: 135 creatures vanquished

Notes
Turn   | Place    | Note
-------+----------+-------------------------------------------
     0 | D:1      | Crownlay the Hill Orc Fighter began the quest for the Orb.
     0 | D:1      | Reached XP level 1. HP: 19/19 MP: 1/1
    74 | D:1      | Found a faded altar of an unknown god.
    79 | D:1      | Reached skill level 3 in Axes
   230 | D:1      | Reached XP level 2. HP: 26/26 MP: 2/2
   788 | D:1      | Reached XP level 3. HP: 12/31 MP: 3/3
  1349 | D:2      | Reached skill level 4 in Axes
  1747 | D:2      | Reached XP level 4. HP: 29/39 MP: 4/4
  2147 | D:2      | Reached skill level 5 in Axes
  2359 | D:3      | Reached XP level 5. HP: 45/45 MP: 5/5
  2485 | D:3      | Found a broken altar of Ashenzari.
  2489 | D:3      | Saw a vision of the Swamp and the Spider Nest.
  2489 | D:3      | Noticed a redback
  2489 | D:3      | Noticed an alligator
  2489 | D:3      | Noticed a swamp drake
  2489 | D:3      | Noticed a goliath frog
  2489 | D:3      | Noticed a vampire mosquito
  2489 | D:3      | Noticed a vampire mosquito
  2489 | D:3      | Noticed a vampire mosquito
  2489 | D:3      | Noticed a vampire mosquito
  2489 | D:3      | Noticed a redback
  2702 | D:3      | Found Gozag's Platinum Reserve.
  2731 | D:3      | Found an opulent altar of Gozag.
  3337 | D:4      | Reached skill level 5 in Shields
  3640 | D:4      | Noticed a necrophage
  3647 | D:4      | Killed a necrophage
  3648 | D:4      | Reached skill level 6 in Axes
  3648 | D:4      | Reached XP level 6. HP: 49/51 MP: 6/6
  3689 | D:4      | Found a staircase to the Ecumenical Temple.
  3696 | Temple   | Entered the Ecumenical Temple
  4000 | D:4      | Noticed Pargi
  4022 | D:4      | Killed Pargi
  4197 | D:5      | Entered Level 5 of the Dungeon
  4198 | D:5      | Noticed a water moccasin
  4207 | D:5      | Killed a water moccasin
  4208 | D:5      | Reached skill level 1 in Evocations
  4208 | D:5      | Reached XP level 7. HP: 22/60 MP: 7/7
  4494 | D:5      | Reached skill level 5 in Fighting
  4494 | D:5      | Reached skill level 7 in Axes
  5049 | D:5      | Reached XP level 8. HP: 70/70 MP: 8/8
  6068 | D:6      | Reached skill level 8 in Axes
  6625 | D:6      | Found an ancient bone altar of Kikubaaqudgha.
  6646 | D:6      | Found a shimmering blue altar of Sif Muna.
  6646 | D:6      | Found a hide-covered altar of Uskayaw.
  6646 | D:6      | Found a white marble altar of Elyvilon.
  6649 | D:6      | Found a sacrificial altar of Ru.
  6651 | D:6      | Found a stormy altar of Qazlal.
  6671 | D:6      | Became a worshipper of Qazlal Stormbringer
  6899 | D:6      | Found a glowing silver altar of Zin.
  6899 | D:6      | Noticed an angel
  7009 | D:7      | Found a flagged portal.
  7024 | Bailey   | Entered a bailey
  7506 | Bailey   | Noticed an orc knight
  7508 | Bailey   | Slain by a gnoll

Illustrated notes

Levels and vault maps discovered:
D:1:      lightli_arrival_maybe_door_vault, layout_basic,
          hellmonk_ecumenical_altar_blasted, chequers_serial_rivers_micro_b
D:2:      layout_rooms, minmay_unequal
D:3:      layout_loops_corners, nicolae_gozag_zags_fifth_avenue,
          grunt_ashenzari_visionary [grunt_ashenzari_visionary_swamp,
          grunt_ashenzari_visionary_spider], grunt_decor_resistance
D:4:      layout_cave_pools, minmay_temple_entry_enclosed_plants, uniq_pargi
D:5:      layout_loops_ring
D:6:      layout_loops_cross, zin_angel, minitemple, nicolae_figureground_pulse
D:7:      layout_basic, enter_bailey_3
Temple:   minmay_temple_curvy_loop
Bailey:   bailey_polearm_nasty_gnolls, bailey

Skill      XL: |  1  2  3  4  5  6  7  8 |
---------------+-------------------------+-----
Axes           | 3 4 5 6 7 8 |  8.2
Shields        | 4 5 6 7 |  7.2
Fighting       | 4 5 7 |  7.6
Evocations     | 1 2 3 |  3.5
Armour         | |  3.2
Invocations    | |  0.7

Action                   |  1- 3 |  4- 6 |  7- 9 || total
-------------------------+-------+-------+-------++-------
Melee: War axe           |    92 |   131 |   211 ||   434
Throw: Javelin           |       |       |     8 ||     8
  Use: Potion            |       |     2 |       ||     2
       Scroll            |       |     1 |     4 ||     5
Armor: Scale mail        |    57 |    72 |   103 ||   232
Dodge: Dodged            |    59 |    66 |   104 ||   229
Block: Buckler           |    26 |    44 |    65 ||   135
